 Dungeon Crawl Stone Soup version 0.20.1-1-g8b1a95d (webtiles) character file.

77 dohliylev the Sneak (level 4, -6/33 HPs)
             Began as a Vampire Assassin on Aug 16, 2017.
             Mangled by Grinder (9 damage)
             ... while paralysed by Grinder
             ... on level 3 of the Dungeon.
             The game lasted 00:04:07 (1601 turns).

dohliylev the Sneak (Vampire Assassin)              Turns: 1601, Time: 00:04:08

Health: -6/33      AC:  3    Str: 10    XL:     4   Next: 14%
Magic:  4/4        EV:  2    Int: 13    God:
Gold:   123        SH:  0    Dex: 16    Spells: 3/3 levels left

rFire    . . .     SeeInvis +   a - +2 dagger
rCold    . . .     Gourm    .   (no shield)
rNeg     . . .     Faith    .   c - +0 robe
rPois    .         Spirit   .   (no helmet)
rElec    .         Reflect  .   d - +0 cloak
rCorr    .         Harm     .   (no gloves)
MR       .....                  (no boots)
Stlth    ++++......             (no amulet)
Regen    0.4/turn               (no ring)
MPRegen  0.1/turn               (no ring)

@: paralysed, regenerating quickly
A: fangs 3, see invisible, unbreathing
a: no special abilities


You were on level 3 of the Dungeon.
You were very full.

You visited 1 branch of the dungeon, and saw 3 of its levels.

You collected 123 gold pieces.

Inventory:

Hand Weapons
 a - a +2 dagger (weapon)
 b - a +0 blowgun
Missiles
 e - 9 poisoned needles
 f - 2 curare-tipped needles
Armour
 c - a +0 robe (worn)
 d - a +0 cloak (worn)
Scrolls
 h - a scroll of enchant armour {unknown}
 i - a scroll of identify {unknown}
 j - a scroll of magic mapping {unknown}
 k - 2 scrolls of blinking {unknown}
 n - a scroll of teleportation {unknown}
 p - a scroll of remove curse {unknown}
 r - a scroll of enchant weapon {unknown}
 s - a scroll of recharging {unknown}
Potions
 g - 10 potions of blood
 l - 3 potions of resistance {unknown}
 m - a potion of cancellation {unknown}
 o - 2 potions of heal wounds {unknown}
 q - a potion of curing {unknown}


   Skills:
 + Level 2.2 Fighting
 + Level 2.9 Short Blades
 + Level 1.8 Throwing
 + Level 1.7 Dodging
 + Level 7.3 Stealth


You had 3 spell levels left.
You didn't know any spells.

Dungeon Overview and Level Annotations

Branches:
Dungeon (3/15)

Altars:

Annotations:
D:3 Grinder


Innate Abilities, Weirdness & Mutations

Your natural rate of healing is unusually fast.
You have razor-sharp teeth.
You have supernaturally acute eyesight. (SInv)
You can survive without breathing.


Message History

Grinder is moderately wounded.
The bat hits you. Grinder completely misses you.
You barely miss Grinder.
Grinder is moderately wounded.
The bat closely misses you. Grinder hits you!
You writhe in agony.
You hit Grinder. You bite Grinder.
Grinder is moderately wounded.
Grinder misses you.
You hit Grinder but do no damage.
Grinder is moderately wounded.
The bat hits you but does no damage. x2; Grinder hits you!
* * * LOW HITPOINT WARNING * * *
You writhe in agony.
* * * LOW HITPOINT WARNING * * *
You barely miss the bat. The bat hits you but does no damage.
The bat closely misses you. Grinder gestures at you.
You suddenly lose the ability to move!
The bat hits you but does no damage. Grinder hits you!
You die...

....######
#..(..............
#.................
####.................
#........(...........
#.##......(..........
####.#..................
...............5........
..............b.@†......
..........###†##########
####.#<...# #.# #.###.##
#+# #.# ..# ......+
..#.### .###. .


You could see Grinder and a bat.

Vanquished Creatures
  An adder (D:2)
  An ooze (D:2)
  4 dart slugs
  3 leopard geckos
  2 giant cockroaches
  8 goblins
  7 hobgoblins
  3 jackals (D:1)
  2 bats
  2 frilled lizards
  8 kobolds
  8 rats
  2 butterflies (D:3)
51 creatures vanquished.

Notes
Turn   | Place    | Note
-------+----------+-------------------------------------------
     0 | D:1      | dohliylev the Vampire Assassin began the quest for the Orb.
     0 | D:1      | Reached XP level 1. HP: 16/16 MP: 1/1
     5 | D:1      | Reached skill level 6 in Stealth
   225 | D:1      | Reached XP level 2. HP: 21/22 MP: 2/2
   899 | D:2      | Reached XP level 3. HP: 27/27 MP: 3/3
  1023 | D:2      | Reached skill level 7 in Stealth
  1326 | D:2      | Reached XP level 4. HP: 25/33 MP: 4/4
  1557 | D:3      | Noticed Grinder
  1568 | D:3      | Paralysed by Grinder for 5 turns
  1600 | D:3      | Paralysed by Grinder for 6 turns
  1601 | D:3      | Mangled by Grinder

Skill      XL: |  1  2  3 |
---------------+----------+-----
Stealth        | 6 7 |  7.3
Fighting       | 2 |  2.2
Short Blades   | |  2.9
Throwing       | |  1.8
Dodging        | |  1.7

Action                   |  1- 3 |  4- 6 || total
-------------------------+-------+-------++-------
Melee: Dagger            |   115 |    27 ||   142
       Bite              |     9 |     3 ||    12
 Fire: Blowgun           |       |     5 ||     5
 Stab: Sleeping          |    12 |     1 ||    13
  Eat: Corpse            |    11 |     1 ||    12
Armor: Robe              |    15 |     7 ||    22
Dodge: Dodged            |    55 |    10 ||    65
